Map: Blackpink LE

Players

Shampoo - Winner!

  • Race: Protoss Protoss
  • League: Diamond
  • Spawn Location: 1:00

rafapras

  • Race: Protoss Protoss
  • League: Diamond
  • Spawn Location: 7:00

VOD

Have the link to the VOD?

Description

Time

  • Played on: Dec. 2, 2017, 3:09 p.m.
  • Length: 11:53
Show
View Real Time Build Order
Export as new Build Order

Shampoo Protoss - Winner!

Build Orders: Blink Stalkers 

Get SALT Encoding   

  12  0:01  Probe  
  13  0:13  Probe  
  14  0:17  Pylon  
  14  0:25  Probe (Chrono Boost)  
  15  0:37  Probe (Chrono Boost)  
  15  0:38  Gateway  
  17  0:45  Probe (Chrono Boost)  
  17  0:51  Probe  
  17  0:52  Assimilator  
  18  1:00  Gateway  
  18  1:03  Probe (Chrono Boost)  
  19  1:16  Probe (Chrono Boost)  
  20  1:20  Probe (Chrono Boost)  
  21  1:26  Cybernetics Core  
  21  1:31  Probe  
  21  1:32  Assimilator  
  22  1:43  Probe  
  23  2:08  Pylon, Nexus  
  23  2:12  Warp Gate (Chrono Boost)  
  23  2:26  Probe, Adept x2  
  28  2:38  Probe  
  28  2:39  Twilight Council  
  29  2:50  Probe  
  30  3:02  Probe  
  31  3:10  Pylon  
  31  3:17  Blink (Chrono Boost)  
  31  3:19  Probe, Stalker (Chrono Boost)  
  36  3:25  Pylon  
  36  3:26  Stalker (Chrono Boost)  
  34  3:49  Probe x2, Stalker (Chrono Boost)  
  34  3:52  Stalker (Chrono Boost)  
  38  4:01  Probe x2  
  40  4:11  Gateway  
  40  4:12  Gateway  
  40  4:13  Probe, Gateway  
  41  4:28  Probe (Chrono Boost)  
  43  4:38  Probe (Chrono Boost)  
  44  4:39  Probe (Chrono Boost)  
  44  4:40  Probe  
  44  4:41  Stalker  
  44  4:42  Probe, Stalker  
  50  4:52  Probe  
  51  4:54  Probe  
  51  4:57  Nexus  
  52  5:01  Pylon  
  52  5:04  Probe  
  52  5:06  Probe  
  54  5:09  Stalker  
  54  5:10  Stalker  
  58  5:18  Probe (Chrono Boost)  
  58  5:19  Assimilator  
  60  5:23  Assimilator  
  60  5:24  Probe (Chrono Boost)  
  61  5:29  Charge  
  61  5:30  Probe (Chrono Boost)  
  61  5:34  Probe (Chrono Boost)  
  62  5:41  Probe (Chrono Boost)  
  64  5:44  Probe x2 (Chrono Boost)  
  65  5:52  Probe  
  65  5:56  Probe  
  67  5:58  Robotics Facility  
  67  6:00  Robotics Facility  
  65  6:04  Probe  
  65  6:09  Probe (Chrono Boost), Stalker x3  
  65  6:10  Stalker  
  75  6:15  Probe (Chrono Boost)  
  79  6:27  Probe x2 (Chrono Boost)  
  79  6:28  Probe (Chrono Boost)  
  79  6:29  Probe (Chrono Boost)  
  82  6:38  Probe x3 (Chrono Boost)  
  83  6:41  Probe (Chrono Boost)  
  83  6:45  Gateway x2  
  85  6:49  Gateway  
  85  6:52  Probe (Chrono Boost)  
  85  6:53  Pylon  
  85  6:54  Pylon  
  85  6:57  Pylon, Forge x2  
  85  7:11  Probe x3, Immortal (Chrono Boost)  
  85  7:13  Immortal (Chrono Boost)  
  94  7:23  Probe x3, Stalker x5  
  107  7:33  Protoss Ground Armor Level 1 (Chrono Boost)  
  107  7:35  Probe  
  108  7:42  Protoss Ground Weapons Level 1 (Chrono Boost)  
  108  7:49  Stalker x2  
  108  7:50  Stalker x2  
  98  8:06  Probe x3  
  98  8:10  Stalker  
  98  8:11  Stalker x3  
  109  8:13  Assimilator  
  109  8:15  Assimilator  
  109  8:20  Pylon  
  109  8:23  Pylon  
  109  8:38  Probe, Immortal  
  109  8:39  Stalker  
  109  8:41  Immortal, Stalker  
  122  8:42  Stalker  
  120  8:56  Stalker  
  120  8:57  Stalker  
  120  9:02  Stalker x2  
  121  9:09  Pylon  
  121  9:11  Pylon  
  121  9:13  Stalker x2  
  121  9:14  Stalker  
  121  9:16  Protoss Ground Armor Level 2 (Chrono Boost)  
  123  9:20  Immortal  
  123  9:28  Stalker x3  
  108  9:38  Stalker  
  108  9:39  Stalker  
  113  9:45  Probe x3  
  114  9:57  Probe  
  80  10:28  Stalker x3  
  80  10:29  Stalker x2  
  88  10:37  Probe (Chrono Boost)  
  91  10:47  Probe x2 (Chrono Boost)  
  91  10:48  Probe (Chrono Boost), Pylon  
  91  10:49  Probe x2  
  94  10:51  Probe, Pylon  
  94  10:52  Pylon  
  94  10:53  Pylon  
  94  10:54  Zealot x5  
  105  10:58  Pylon  
  105  11:01  Probe, Pylon  
  106  11:15  Zealot  
  106  11:16  Nexus, Zealot x6  
  120  11:19  Pylon  
  120  11:21  Pylon, Zealot  
  130  11:33  Probe (Chrono Boost)  
  133  11:43  Probe x2 (Chrono Boost)  
  133  11:45  Probe (Chrono Boost), Zealot x5  
  133  11:46  Zealot x3  
Show
View Real Time Build Order
Export as new Build Order

rafapras Protoss 

Build Orders:  

Get SALT Encoding   

  12  0:01  Probe  
  13  0:13  Probe  
  14  0:18  Pylon  
  14  0:25  Probe  
  15  0:37  Probe  
  15  0:40  Gateway  
  16  0:47  Assimilator  
  16  0:52  Assimilator  
  16  0:55  Probe (Chrono Boost)  
  17  1:08  Probe (Chrono Boost)  
  19  1:11  Probe (Chrono Boost)  
  19  1:14  Gateway  
  19  1:28  Cybernetics Core  
  19  1:30  Probe (Chrono Boost)  
  21  1:41  Pylon  
  21  1:42  Probe (Chrono Boost)  
  21  1:48  Probe  
  22  2:05  Stalker x2  
  22  2:08  Warp Gate (Chrono Boost)  
  26  2:21  Shield Battery  
  26  2:27  Probe  
  27  2:40  Adept  
  29  2:55  Nexus  
  29  3:01  Pylon  
  29  3:06  Stalker  
  31  3:20  Robotics Facility  
  31  3:24  Probe  
  27  3:44  Probe  
  28  3:57  Probe  
  29  4:05  Shield Battery  
  29  4:07  Probe (Chrono Boost)  
  31  4:11  Probe (Chrono Boost)  
  31  4:14  Observer  
  34  4:19  Probe x2 (Chrono Boost)  
  34  4:21  Probe  
  34  4:23  Probe  
  34  4:33  Probe  
  34  4:35  Probe  
  36  4:39  Twilight Council  
  36  4:41  Forge  
  36  4:45  Probe  
  36  4:46  Immortal (Chrono Boost)  
  36  4:47  Probe  
  42  4:57  Probe  
  42  4:59  Probe  
  44  5:10  Probe  
  44  5:11  Probe  
  46  5:15  Protoss Ground Weapons Level 1 (Chrono Boost)  
  46  5:16  Resonating Glaives  
  50  5:21  Immortal  
  50  5:22  Probe  
  50  5:23  Probe  
  50  5:27  Pylon  
  52  5:34  Stalker  
  54  5:44  Assimilator  
  54  5:45  Probe x2  
  54  5:46  Assimilator  
  56  5:57  Probe  
  55  6:11  Immortal (Chrono Boost)  
  59  6:13  Stalker  
  59  6:15  Probe  
  59  6:18  Pylon  
  62  6:19  Pylon  
  62  6:36  Probe x2  
  64  6:43  Gateway x2  
  64  6:47  Gateway, Immortal  
  64  6:49  Zealot x2  
  64  6:50  Probe  
  73  6:55  Gateway  
  73  6:58  Pylon  
  73  7:00  Pylon  
  73  7:10  Protoss Ground Weapons Level 2 (Chrono Boost)  
  73  7:14  Zealot  
  73  7:15  Zealot  
  75  7:26  Warp Prism (Chrono Boost)  
  51  8:22  Immortal  
  51  8:23  Nexus  
  51  8:25  Pylon  
  55  8:27  Templar Archives  
  55  8:30  Forge  
  55  8:33  Gateway  
  55  8:35  Gateway  
  55  8:38  Zealot x4  
  55  8:39  Zealot  
  55  8:40  Zealot  
  67  8:53  Charge (Chrono Boost)  
  61  9:12  Zealot x4  
  61  9:13  Zealot x2  
  61  9:44  Zealot x3  
  61  9:45  Zealot x4  
  65  9:46  Zealot  
  59  10:06  Zealot x2  
  59  10:07  Zealot x3  
  47  10:08  Zealot  
  38  10:15  Probe x2  
  26  10:52  Probe (Chrono Boost)  
  26  10:54  Probe (Chrono Boost)  
  29  10:57  Probe (Chrono Boost)  
  31  11:04  Probe (Chrono Boost)  
  31  11:06  Probe (Chrono Boost)  
  31  11:11  Probe (Chrono Boost)  
  33  11:12  Probe x2 (Chrono Boost)  
  35  11:20  Probe (Chrono Boost)  
  35  11:24  Probe (Chrono Boost)  
  37  11:30  Probe (Chrono Boost)  
  37  11:31  Templar Archives  
  37  11:38  Probe (Chrono Boost)  
  37  11:39  Probe (Chrono Boost)  
  40  11:44  Probe (Chrono Boost)  
  43  11:49  Probe (Chrono Boost)  
  43  11:52  Probe (Chrono Boost)  
Tags
 
Composition
Blink Stalkers
Matchup
PvP
Spawn Locations
Cross Positions
Add a new tag
Caveats
  • Supply blocks, unpowered buildings, or Contaminate may cause inaccurate times.
  • Supply counts are checked every 10 seconds.